 Dungeon Crawl Stone Soup version 0.30.1-11-g7821555f0a (webtiles) character file.

Game seed: 18088611247233110580

4768 Martska the Fighter (level 10, -4/91 HPs)
             Began as a Minotaur Fighter on Dec 2, 2023.
             Was a Believer of the Shining One.
             Shot with an arrow by a centaur (7 damage)
             ... on level 9 of the Dungeon.
             The game lasted 00:11:58 (8817 turns).

Martska the Fighter (Minotaur Fighter)              Turns: 8817, Time: 00:11:59

Health: -4/91      AC: 10    Str: 24    XL:     10   Next: 23%
Magic:  9/11       EV: 12    Int:  5    God:    the Shining One [**....]
Gold:   518        SH:  4    Dex: 11    Spells: 7/9 levels left

rFire   + + +        l - +2 whip (flame)
rCold   + . .        c - +0 buckler
rNeg    + . .        y - +1 scale mail {rF+}
rPois   +            (helmet restricted)
rElec   +            (no cloak)
rCorr   +            D - +0 pair of gloves
SInv    .            (no boots)
Will    .....        (no amulet) Stlth
                     r - ring of resist corrosion
HPRegen 0.35/turn    e - ring of protection from fire
MPRegen 0.12/turn

%: no passive effects
@: brilliant, lethally poisoned (-4 -> -11), resistant, very slightly
contaminated, glowing
A: horns 2, retaliatory headbutt
a: Renounce Religion, Divine Shield


You were on level 9 of the Dungeon.
You worshipped the Shining One.
The Shining One was pleased with you.
You visited 2 branches of the dungeon, and saw 10 of its levels.

You collected 518 gold pieces.

Inventory:

Hand Weapons
 a - a +0 war axe
 d - a +3 short sword of draining
 l - a +2 whip of flaming (weapon)
 t - a +2 rapier of venom
 z - a +4 short sword
 B - a +4 spear
Missiles
 n - a throwing net (quivered)
Armour
 b - a +0 scale mail
 c - a +0 buckler (worn)
 y - a +1 scale mail of fire resistance (worn)
 D - a +0 pair of gloves (worn)
Jewellery
 e - a ring of protection from fire (right hand)
 m - a ring of ice
 r - a ring of resist corrosion (left hand)
Wands
 x - a wand of roots (6)
 A - a wand of flame (9)
Scrolls
 g - 4 scrolls of teleportation
 j - 5 scrolls of enchant armour
 p - 4 scrolls of immolation
 q - a scroll of enchant weapon
 v - a scroll of vulnerability
 w - 3 scrolls of magic mapping
 C - a scroll of silence {unknown}
 E - a scroll of butterflies {unknown}
Potions
 h - a potion of berserk rage
 i - 2 potions of lignification
 k - 3 potions of magic
 o - a potion of curing {unknown}
 u - 2 potions of attraction


   Skills:
 * Level 9.3 Fighting
 * Level 8.9 Axes
 + Level 8.5 Armour
 * Level 7.6 Dodging
 - Level 3.6 Shields
 * Level 3.6 Translocations
 + Level 2.9 Invocations


You had 7 spell levels left.
You knew the following spells:

 Your Spells              Type           Power      Damage    Failure   Level
a - Blink                 Tloc           10%        N/A       43%         2

Your spell library contained the following spells:

 Spells                   Type           Power      Damage    Failure   Level
 Lesser Beckoning         Tloc           10%        N/A       43%         2
 Momentum Strike          Conj/Tloc      4%         3d8       71%         2
 Slow                     Hex            0%         N/A       80%         1
 Portal Projectile        Hex/Tloc       4%         N/A       90%         3
 Confusing Touch          Hex            0%         N/A       99%         3
 Tukima's Dance           Hex            0%         N/A       99%         3
 Vampiric Draining        Necr           0%         2d6       99%         3
 Animate Dead             Necr           0%         N/A       100%        4
 Blade Hands              Tmut           0%         N/A       100%        5
 Haunt                    Necr/Summ      0%         N/A       100%        7
 Infestation              Necr           0%         N/A       100%        8


Dungeon Overview and Level Annotations

Branches:
Dungeon (9/15)             Temple (1/1) D:6
   Lair: D:8-11         Orc: D:9-12

Altars:
Ashenzari
Elyvilon
Wu Jian
Zin
The Shining One

Shops:
D:7 ?[:


Innate Abilities, Weirdness & Mutations

You have a pair of horns on your head.
You reflexively headbutt those who attack you in melee.


Message History

* * * LOW HITPOINT WARNING * * *
As you read the scroll of teleportation, it crumbles to dust.
You feel strangely unstable.
You feel very sick. The killer bee stings you.
* * * LOW HITPOINT WARNING * * *
The killer bee stings you.
* * * LOW HITPOINT WARNING * * *
You block the killer bee's attack. The killer bee misses you.
The killer bee stings you!
* * * LOW HITPOINT WARNING * * *
The killer bee misses you. You furiously retaliate!
You headbutt the killer bee.
Casting: Blink (dangerous; 43% risk of failure)
Confirm with . or Enter, or press ? or * to list all spells.
You miscast Blink.
You are very lightly contaminated with residual magic.
Nothing appears to happen.
* * * LOW HITPOINT WARNING * * *
You feel very sick. The killer bee barely misses you.
You block the killer bee's attack. x2
The killer bee misses you.
The killer bee stings you but does no damage. x2
The killer bee attacks as you move away!
You block the killer bee's attack.
* * * LOW HITPOINT WARNING * * *
You feel very sick. The killer bee stings you.
* * * LOW HITPOINT WARNING * * *
It was a potion of brilliance.
You feel clever all of a sudden.
Your surroundings suddenly seem different. 5 killer bees and a centaur come into view.
Found 16 gold pieces and a potion of brilliance.
* * * LOW HITPOINT WARNING * * *
You feel sick.
The killer bee buzzes angrily. x5
The centaur wields a +0 shortbow.
The centaur shoots an arrow.
The arrow hits you!
You die...

.............
...........#
##..........#
.#...........#
............#
#....y.....#
#....y.....+
#.....@....#
.....y......#
y...........#
!........$.c...
......y....####
.# ######.....#
##+#.# #.....#
.....+ #.....#
.....#


You could see a centaur and 5 killer bees.

Vanquished Creatures
  Pikel (D:6)
  Prince Ribbit (D:7)
  Sigmund (D:6)
  A wyvern (D:8)
  Menkaure (D:7)
  A water moccasin (D:7)
  Duvessa (D:6)
  2 orc warriors
  2 black bears
  An ice beast (D:8)
  3 ogres (D:5)
  3 centaurs
  4 lemures (D:6)
  2 phantoms (D:6)
  2 bullfrogs
  A kobold brigand (D:8)
  2 scorpions
  14 wights
  Dowan (D:6)
  A killer bee (D:9)
  3 howler monkeys
  6 jellies
  4 orc priests
  5 hounds
  A gnoll bouda (D:6)
  2 iguanas (D:4)
  13 orc wizards
  8 gnolls (D:6)
  6 adders
  3 shadow imps
  3 white imps
  2 worms
  2 dart slugs (D:1)
  50 orcs
  4 ball pythons
  5 endoplasms
  5 giant cockroaches
  9 goblins
  12 hobgoblins
  5 jackals
  9 kobolds
  7 bats
  6 frilled lizards
  5 rats
220 creatures vanquished.

Notes
Turn   | Place    | Note
-------+----------+-------------------------------------------
     0 | D:1      | Martska the Minotaur Fighter began the quest for the Orb.
     0 | D:1      | Reached XP level 1. HP: 19/19 MP: 0/0
   140 | D:1      | Reached XP level 2. HP: 27/27 MP: 1/1
   205 | D:1      | Reached skill level 1 in Dodging
   207 | D:1      | Reached skill level 4 in Fighting
   255 | D:1      | Reached XP level 3. HP: 27/33 MP: 2/2
   988 | D:2      | Reached XP level 4. HP: 34/41 MP: 3/3
  1580 | D:3      | Reached XP level 5. HP: 39/47 MP: 4/4
  1945 | D:3      | Reached skill level 5 in Fighting
  1945 | D:3      | Reached skill level 5 in Armour
  2582 | D:4      | Reached XP level 6. HP: 44/56 MP: 5/5
  3103 | D:4      | Reached skill level 5 in Axes
  3103 | D:4      | Reached XP level 7. HP: 48/62 MP: 6/6
  3524 | D:5      | Entered Level 5 of the Dungeon
  3590 | D:5      | Reached skill level 6 in Fighting
  3989 | D:5      | Reached XP level 8. HP: 54/71 MP: 7/7
  4597 | D:6      | Reached skill level 5 in Dodging
  4628 | D:6      | Found a staircase to the Ecumenical Temple.
  4649 | D:6      | Reached skill level 7 in Fighting
  4690 | D:6      | Learned a level 2 spell: Blink
  4692 | Temple   | Entered the Ecumenical Temple
  4849 | Temple   | Became a worshipper of the Shining One
  4968 | D:6      | Noticed Sigmund
  4978 | D:6      | Killed Sigmund
  5088 | D:6      | Reached skill level 1 in Translocations
  5577 | D:6      | Noticed Pikel
  5601 | D:6      | Killed Pikel
  5602 | D:6      | Reached skill level 8 in Fighting
  5602 | D:6      | Reached XP level 9. HP: 21/81 MP: 8/8
  5851 | D:6      | Reached skill level 1 in Invocations
  6005 | D:6      | Noticed Dowan
  6015 | D:6      | Killed Dowan
  6049 | D:6      | Reached * piety under the Shining One
  6087 | D:6      | Noticed Duvessa
  6369 | D:6      | Killed Duvessa
  6625 | D:7      | Found Ixodikhlo's Antique Armour Shoppe.
  6634 | D:7      | Found Jiutrig's Book Shoppe.
  6636 | D:7      | Found Wiluc's Magic Scroll Shoppe.
  6932 | D:7      | Found a glowing silver altar of Zin.
  7105 | D:7      | Noticed Prince Ribbit
  7118 | D:7      | Killed Prince Ribbit
  7246 | D:7      | Reached skill level 9 in Fighting
  7294 | D:7      | Noticed Menkaure
  7298 | D:7      | Killed Menkaure
  7299 | D:7      | Reached XP level 10. HP: 49/91 MP: 10/10
  7592 | D:8      | Reached ** piety under the Shining One
  8817 | D:9      | HP: 3/91 [poisoned by a killer bee]
  8817 | D:9      | Shot with an arrow by a centaur

Illustrated notes

Levels and vault maps discovered:
D:1:      psy_arrival_whirlpool, layout_loops_ring, minmay_tromino_i4
D:2:      layout_basic, nicolae_kite_square_tiling_tiny,
          minmay_tree_intersection
D:3:      layout_loops_ring
D:4:      layout_cave_pools, minmay_starry_boxes
D:5:      layout_cave_pods, portal_sewer_entry_e
D:6:      layout_loops_corners, minmay_temple_entry_large_hall,
          nrook_mini_vaults, minmay_quadrilaterals, uniq_duvessa, uniq_pikel,
          uniq_sigmund
D:7:      layout_basic, zin_statuary, palyth_stone_intersect,
          minmay_misc_feat_enclosed, nicolae_shop_distant_corner_stores,
          uniq_menkaure, uniq_prince_ribbit1
D:8:      layout_loops_corners, st_stairs_7
D:9:      layout_irregular_city, nicolae_straight_to_the_point
Temple:   mainiacjoe_temple_trianglar_array

Skill      XL: |  1  2  3  4  5  6  7  8  9 |
---------------+----------------------------+-----
Dodging        | 1 2 3 4 6 7 |  7.6
Fighting       | 4 5 6 8 9 |  9.3
Armour         | 4 5 6 7 8 |  8.5
Axes           | 3 4 5 6 7 8 |  8.9
Translocations | 2 3 |  3.6
Invocations    | 2 |  2.9
Shields        | |  3.6

Action                     |  1- 3 |  4- 6 |  7- 9 | 10-12 || total
---------------------------+-------+-------+-------+-------++-------
  Melee: War axe           |    51 |       |       |       ||    51
         Headbutt          |    11 |    20 |    62 |    27 ||   120
         Whip              |    22 |   129 |   289 |    91 ||   531
    Use: Scroll            |       |       |    11 |     3 ||    14
         Potion            |       |       |     2 |     2 ||     4
 Armour: Scale mail        |    38 |    68 |    87 |    25 ||   218
  Dodge: Dodged            |    33 |    56 |   137 |    48 ||   274
  Block: Buckler           |    10 |    22 |    72 |    31 ||   135
